 Dungeon Crawl Stone Soup version 0.31.0-9-g3a7656b989 (webtiles) character file.

Game seed: 17434397450338541645

117 qw the Skirmisher (level 4, -1/25 HPs)
             Began as a Deep Elf Hunter on Feb 2, 2024.
             Incinerated by a bombardier beetle (7 damage)
             ... with a burning spray
             ... on level 3 of the Dungeon.
             The game lasted 00:00:06 (1567 turns).

qw the Skirmisher (Deep Elf Hunter)                 Turns: 1567, Time: 00:00:06

Health: -1/25      AC:  5    Str: 10    XL:     4   Next: 71%
Magic:  6/6        EV: 11    Int: 14    God:
Gold:   96         SH:  0    Dex: 18    Spells: 3/3 levels left

rFire   . . .        a - +0 shortbow
rCold   . . .        (shield currently unavailable)
rNeg    . . .        d - +0 ring mail
rPois   .            (no helmet)
rElec   .            (no cloak)
rCorr   .            (no gloves)
SInv    .            (no boots)
Will    .....        (no amulet)
Stlth   +            (no ring)
HPRegen 0.24/turn    (no ring)
MPRegen 0.10/turn

%: no passive effects
@: on fire, glowing
A: no striking features
a: no special abilities


You were on level 3 of the Dungeon.
You visited 1 branch of the dungeon, and saw 3 of its levels.

You collected 96 gold pieces.


   Skills:
 - Level 1.5 Fighting
 + Level 8.1 Ranged Weapons
 - Level 2.4 Dodging
 - Level 1.2 Stealth


You had 3 spell levels left.
You didn't know any spells.
Your spell library was empty.

Inventory:

Hand Weapons
 a - a +0 shortbow (weapon)
Armour
 d - a +0 ring mail (worn)
Scrolls
 c - a scroll of teleportation {unknown}
 h - a scroll of identify {unknown}
Potions
 b - a potion of lignification {unknown}
 e - a potion of cancellation {unknown}
 f - a potion of ambrosia {unknown}
 g - a potion of enlightenment {unknown}

Dungeon Overview and Level Annotations

Branches:
Dungeon (3/15)

Altars:
Qazlal
The Shining One


Message History

The endoplasm freezes you.
You are frozen.
You shoot an arrow. The arrow hits the endoplasm.
You kill the endoplasm!
You start resting.
HP restored.
You see here a hobgoblin corpse.
h - a scroll labelled PESOTHR NODIN A bombardier beetle and a ribbon worm come into view.
Found 2 boomerangs.
The ribbon worm moves out of view.
You shoot an arrow. The arrow hits the bombardier beetle.
The bombardier beetle is lightly wounded.
The bombardier beetle sprays incendiary fluid at you.
The burning spray hits you.
You are covered in liquid fire!
You shoot an arrow.
The arrow hits the bombardier beetle but does no damage.
The bombardier beetle is lightly wounded.
The liquid fire burns you!
You shoot an arrow.
The arrow hits the bombardier beetle but does no damage.
The bombardier beetle is lightly wounded.
The liquid fire burns you!
The bombardier beetle sprays incendiary fluid at you.
The burning spray hits you.
You are even more covered in liquid fire!
You shoot an arrow. The arrow hits the bombardier beetle.
The bombardier beetle is lightly wounded.
The liquid fire burns you!
You shoot an arrow. The arrow hits the bombardier beetle.
The bombardier beetle is moderately wounded.
The liquid fire burns you!
The bombardier beetle sprays incendiary fluid at you.
The burning spray hits you.
You are even more covered in liquid fire!
You shoot an arrow.
The arrow hits the bombardier beetle but does no damage.
The bombardier beetle is moderately wounded.
The liquid fire burns you!
You die...

#.....# . #.....# #.
#.....# ... #.....#
..##.....###. ..
B.......... .....
##.$.(.# ...... #..@#
#####%..... #...####
#........#
##......###........#
.$..........%..........#
###.........##.........#
###........#.........#
##.#####.#.........# #.
.#.....^...# #.
..#.####...##


You could see a bombardier beetle.

Vanquished Creatures
  3 gnolls (D:2)
  3 adders (D:2)
  6 orcs (D:3)
  3 endoplasms
  2 giant cockroaches
  2 goblins (D:1)
  4 hobgoblins
  4 jackals (D:2)
  8 ball pythons
  7 bats
  5 frilled lizards
  4 kobolds
  4 rats
55 creatures vanquished.

Notes
Turn   | Place    | Note
-------+----------+-------------------------------------------
     0 | D:1      | qw the Deep Elf Hunter began the quest for the Orb.
     0 | D:1      | Reached XP level 1. HP: 12/12 MP: 3/3
     0 | D:1      | 0 ||| qw: Version: 0.3-a-155-g5e7d8dd
     0 | D:1      | 0 ||| qw: Game counter: 2349
     0 | D:1      | 0 ||| qw: Melee chars always use a shield: true
     0 | D:1      | 0 ||| qw: God list: Okawaru
     0 | D:1      | 0 ||| qw: Allow faded altars: false
     0 | D:1      | 0 ||| qw: Do Orc after clearing Dungeon:15 true
     0 | D:1      | 0 ||| qw: Do second Lair branch before Depths: true
     0 | D:1      | 0 ||| qw: Lair rune preference: random
     0 | D:1      | 0 ||| qw: Goals: Normal
     0 | D:1      | 0 ||| PLANNING D:1-11
   148 | D:1      | Reached XP level 2. HP: 16/16 MP: 4/4
   154 | D:1      | Reached skill level 6 in Ranged Weapons
   612 | D:1      | 612 ||| DROPPING ring of flight.
   613 | D:1      | 613 ||| READING scroll labelled KOHOCWUKL LEZO.
   614 | D:1      | 614 ||| READING scroll labelled BYIDULE MICZI.
   615 | D:1      | 615 ||| DROPPING scroll of butterflies.
   638 | D:2      | 638 ||| RETREEEEATING.
   639 | D:2      | 639 ||| RETREEEEATING.
   640 | D:2      | 640 ||| RETREEEEATING.
   643 | D:2      | Reached XP level 3. HP: 16/20 MP: 5/5
   646 | D:2      | Reached skill level 7 in Ranged Weapons
   916 | D:2      | Reached XP level 4. HP: 25/25 MP: 6/6
  1319 | D:2      | 1319 ||| UPGRADING to +0 ring mail.
  1329 | D:2      | 1329 ||| DROPPING +0 leather armour.
  1330 | D:2      | 1330 ||| READING scroll labelled MEDYCH MOCSE.
  1331 | D:2      | 1331 ||| READING scroll labelled BUICOE XARU.
  1353 | D:3      | Found a stormy altar of Qazlal.
  1373 | D:3      | Found a glowing golden altar of the Shining One.
  1476 | D:3      | Reached skill level 8 in Ranged Weapons
  1566 | D:3      | HP: 6/25 [burnt (3)]
  1567 | D:3      | Incinerated by a bombardier beetle

Levels and vault maps discovered:
D:1:      erik_arrival_blinker_ship, layout_basic
D:2:      layout_loops_ring
D:3:      layout_basic, grunt_nemelex_the_gamble, mainiacjoe_overflow_alcove_4,
          nicolae_qazlal_scattered_showers, minmay_statues_item,
          nicolae_shop_unique_rings

Skill      XL: |  1  2  3  4 |
---------------+-------------+-----
Ranged Weapons | 6 7 8 |  8.1
Fighting       | |  1.5
Dodging        | |  2.4
Stealth        | |  1.2

Action                     |  1- 3 |  4- 6 || total
---------------------------+-------+-------++-------
   Fire: Shortbow          |    71 |    73 ||   144
    Use: Scroll            |     2 |     2 ||     4
 Armour: Leather armour    |     9 |     6 ||    15
         Ring mail         |       |     2 ||     2
  Dodge: Dodged            |    14 |    25 ||    39

Table legend:
 A = Non-vault XP
 B = Vault XP
 C = Vault XP percentage of total XP
 D = Non-vault monster count
 E = Vault monster count
 F = Vault count percentage of total count
                 A         B        C        D         E       F
            +---------+---------+-------+---------+---------+-------
      Total |     168 |       0 |   0.0 |      55 |       0 |   0.0
            +---------+---------+-------+---------+---------+-------
        D:1 |      26 |       0 |   0.0 |      18 |       0 |   0.0
        D:2 |     114 |       0 |   0.0 |      25 |       0 |   0.0
        D:3 |      28 |       0 |   0.0 |      12 |       0 |   0.0
            +---------+---------+-------+---------+---------+-------
